 Dungeon Crawl Stone Soup version 0.29.1-12-g30fa7ad0bf (webtiles) character file.

Game seed: 9334785090932287919

81 hawla the Firebug (level 5, 0/38 HPs)
             Began as a Meteoran Fire Elementalist on Jan 7, 2023.
             Killed by nerve-wracking pain
             ... invoked by an orc priest
              (6 damage)
             ... on level 3 of the Dungeon.
             The game lasted 00:03:44 (588 turns).

hawla the Firebug (Meteoran Fire Elementalist)       Turns: 588, Time: 00:03:44

Health: 0/38       AC:  3    Str:  9    XL:     5   Next: 0%
Magic:  11/11      EV: 12    Int: 18    God:
Gold:   20         SH:  0    Dex: 15    Spells: 4/11 levels left

rFire   . . .      SeeInvis .   (no weapon)
rCold   . . .      Faith    .   (no shield)
rNeg    . . .      Spirit   .   a - +1 robe
rPois   .          Reflect  .   (no helmet)
rElec   .          Harm     .   (no cloak)
rCorr   .          Rampage  .   (no gloves)
Will    .....                   (no boots)
Stlth   +.........              (no amulet)
HPRegen 0.12/turn               (no ring)
MPRegen 0.12/turn               (no ring)

@: confused, ambrosia-drunk, very slightly contaminated, glowing
A: sense surroundings 1, otherworldly, glowing, explore regen
a: no special abilities


You were on level 3 of the Dungeon.
You visited 1 branch of the dungeon, and saw 4 of its levels.

You collected 20 gold pieces.

Inventory:

Armour
 a - a +1 robe (worn)
Scrolls
 b - a scroll of magic mapping {unknown}
 e - a scroll of summoning {unknown}
 f - a scroll of enchant armour
Potions
 d - a potion of curing


   Skills:
 - Level 2.5 Dodging
 - Level 1.4 Stealth
 - Level 3.8 Spellcasting
 + Level 3.4 Conjurations
 - Level 4.2 Fire Magic


You had 4 spell levels left.
You knew the following spells:

 Your Spells              Type           Power      Damage    Failure   Level
a - Foxfire               Conj/Fire      68%        2x1d7     3%          1
b - Scorch                Fire           36%        2d7       4%          2
c - Flame Wave            Conj/Fire      17%        2d7       30%         4

Your spell library contained the following spells:

 Spells                   Type           Power      Damage    Failure   Level
 Conjure Flame            Conj/Fire      17%        6-21      10%         3
 Inner Flame              Hex/Fire       11%        N/A       19%         3


Dungeon Overview and Level Annotations

Branches:
Dungeon (4/15) Zot: 1810
 Temple: D:4-7

Altars:


Innate Abilities, Weirdness & Mutations

You passively map a small area around you.
You are easily found by Zot.
You glow in the dark.
You regain HP and MP as you explore.


Message History

Confirm with . or Enter, or press ? or * to list all spells.
You don't have enough magic to cast this spell.
Casting: Flame Wave (extremely dangerous; 30% risk of failure)
Confirm with . or Enter, or press ? or * to list all spells.
You conjure some foxfire!
The orc priest hits you with a +1 war axe of electrocution.
The orc priest hits your foxfire with a +1 war axe of electrocution.
The foxfire hits the orc.
The orc is lightly wounded.
Casting: Foxfire (safe; 3% risk of failure)
Confirm with . or Enter, or press ? or * to list all spells.
You miscast Scorch.
Nothing appears to happen.
The foxfire hits the orc.
The orc is severely wounded.
The orc priest looks satisfied for a moment.
Unknown command.
The orc hits you with a +0 dagger.
There is a stone staircase leading up here.
The orc priest closely misses you. The orc hits you with a +0 dagger.
You climb upwards.
There is a stone staircase leading down here.
Casting: Scorch (safe; 4% risk of failure)
Confirm with . or Enter, or press ? or * to list all spells.
You don't know that spell.
It was a potion of curing.
You feel better. The orc hits you with a +0 dagger.
The orc priest hits you with a +1 war axe of electrocution.
You are confused.
You feel invigorated. The orc hits you with a +0 dagger.
The orc priest hits you with a +1 war axe of electrocution!
* * * LOW HITPOINT WARNING * * *
You bump into the rock wall.
The orc barely misses you.
The orc priest hits you with a +1 war axe of electrocution.
* * * LOW HITPOINT WARNING * * *
You are electrocuted!
* * * LOW HITPOINT WARNING * * *
You hit the orc priest but do no damage.
The orc priest is heavily wounded.
The orc hits you but does no damage.
The orc priest invokes the aid of Beogh against you.
Pain shoots through your body!
You die...

* ... **.# , * #)#
.# * #.# *.# * #.#
###.###.##*
#.###.........
#...........# ,
#####.#####.# **
#########........#
#..o@o.....#####.#
#.#######.## *,
#.# , * * * * #.#
, * , ######.###
*, , ,, ..#.....#
, #.#.###.# ,* *
#.#)# #.###
#...###...#


You could see an orc priest and an orc.

Vanquished Creatures
  An orc wizard (D:4)
  2 adders
  5 orcs
  A ball python (D:2)
  3 endoplasms
  A giant cockroach (D:2)
  3 goblins
  A hobgoblin (D:1)
  2 jackals (D:1)
  A quokka (D:1)
  2 bats (D:1)
  6 kobolds
  3 rats
31 creatures vanquished.

Vanquished Creatures (others)
  63 foxfires
63 creatures vanquished.

Grand Total: 94 creatures vanquished

Notes
Turn   | Place    | Note
-------+----------+-------------------------------------------
     0 | D:1      | hawla the Meteoran Fire Elementalist began the quest for
                  | the Orb.
     0 | D:1      | Reached XP level 1. HP: 14/14 MP: 5/5
   119 | D:1      | Reached XP level 2. HP: 13/20 MP: 4/7
   122 | D:1      | Learned a level 2 spell: Scorch
   230 | D:1      | Reached skill level 4 in Fire Magic
   316 | D:2      | Reached XP level 3. HP: 26/26 MP: 4/8
   457 | D:3      | Reached XP level 4. HP: 32/33 MP: 8/10
   462 | D:3      | Learned a level 4 spell: Flame Wave
   577 | D:4      | Reached XP level 5. HP: 38/38 MP: 7/11
   587 | D:3      | HP: 1/38 [orc priest/+1 war axe of electrocution (8)]
   588 | D:3      | Killed from afar by an orc priest

Illustrated notes

Levels and vault maps discovered:
D:1:      evilmike_arrival_crescent, layout_loops_corners,
          basic_ecumenical_altar, minmay_misc_feat_encased, minmay_unequal
D:2:      layout_rooms, minmay_lizard_king
D:3:      layout_loops_ring, mainiacjoe_overflow_six_doors_small
D:4:      layout_cave_pools, chequers_temple_overflow_minitemple,
          minmay_temple_entry_large_hall, hangedman_decor_growths,
          minmay_surrounded

Skill      XL: |  1  2  3  4 |
---------------+-------------+-----
Spellcasting   | 3 |  3.8
Fire Magic     | 4 |  4.2
Conjurations   | 3 |  3.4
Dodging        | |  2.5
Stealth        | |  1.4

Action                   |  1- 3 |  4- 6 || total
-------------------------+-------+-------++-------
Melee: Unarmed           |     6 |     1 ||     7
 Cast: Foxfire           |    25 |    12 ||    37
       Scorch            |    14 |     3 ||    17
  Use: Scroll            |     3 |       ||     3
       Potion            |     1 |     2 ||     3
Armor: Robe              |     7 |     1 ||     8
Dodge: Dodged            |    21 |     2 ||    23
